 Dungeon Crawl Stone Soup version 0.30-a0-377-g5cb311bc9f (webtiles) character file.

Game seed: 1063542252164397350

35 qeuew the Slasher (level 3, -7/23 HPs)
             Began as a Vampire Berserker on Nov 28, 2022.
             Was a Believer of Trog.
             Killed by divine providence
             ... invoked by an orc priest
              (10 damage)
             ... on level 2 of the Dungeon.
             The game lasted 00:01:50 (757 turns).

qeuew the Slasher (Vampire Berserker)                Turns: 757, Time: 00:01:50

Health: -7/23      AC:  6    Str: 20 (22) XL:     3   Next: 17%
Magic:  3/3        EV: 11    Int:  6 (9)  God:    Trog [**....]
Gold:   52         SH:  0    Dex: 13 (15) Spells: 2/2 levels left

rFire   . . .      SeeInvis +    a - +0 falchion
rCold   + + .      Faith    .    (no shield)
rNeg    + + +      Spirit   .    c - +1 ring mail
rPois   ∞          Reflect  .    (no helmet)
rElec   .          Harm     .    (no cloak)
rCorr   .          Rampage  .    (no gloves)
Will    .....                    (no boots)
Stlth   +++.......               (no amulet)
HPRegen 0.00/turn                b - +6 ring of strength
MPRegen 0.08/turn                (no ring)

@: bloodless, inhibited regen
A: bloodless, fangs 3, see invisible, vampiric 2
a: Bat Form, Revivify, Renounce Religion, Trog's Hand


You were on level 2 of the Dungeon.
You worshipped Trog.
Trog was pleased with you.
You visited 1 branch of the dungeon, and saw 2 of its levels.

You collected 52 gold pieces.

Inventory:

Hand Weapons
 a - a +0 falchion (weapon)
Armour
 c - a +1 ring mail (worn)
Jewellery
 b - a +6 ring of strength (left hand)
Potions
 e - a potion of ambrosia


   Skills:
 + Level 3.0 Fighting
 + Level 3.3 Long Blades
 + Level 2.0 Armour
 + Level 2.8 Dodging


You had 2 spell levels left.
You didn't know any spells.
Your spell library was empty.

Dungeon Overview and Level Annotations

Branches:
Dungeon (2/15)

Altars:


Innate Abilities, Weirdness & Mutations

You do not regenerate when monsters are visible.
You are frail without blood (-20% HP).
You can heal yourself when you bite living creatures.
You are immune to poison.
You have razor-sharp teeth.
You have supernaturally acute eyesight. (SInv)
You are afflicted with vampirism and can become a bat while bloodless.


Message History

What level of the Dungeon? (default 1, ? - help)
There is a stone staircase leading down here.
You climb downwards.
There is a stone staircase leading up here.
Found a stone staircase leading down.
No target in view!
An orc priest comes into view.
It is wielding a +0 dagger. 2 orcs and an orc priest come into view.
Found a ring mail.
There are monsters nearby!
An orc comes into view. It is wielding a +0 club.
The orc shouts! x2; The orc priest shouts!
The orc priest looks encouraged for a moment.
There are monsters nearby!
The orc priest invokes the aid of Beogh against you.
Beogh smites you!
Ouch! That really hurt!
The orc shouts!
You are too injured to fight recklessly!
You are too injured to fight recklessly!
You are too injured to fight recklessly!
You are too injured to fight recklessly!
You are too injured to fight recklessly!
You are too injured to fight recklessly!
You are too injured to fight recklessly!
Unknown command.
You hit the orc priest.
The orc priest is lightly wounded.
The orc hits you with a +0 club.
* * * LOW HITPOINT WARNING * * *
The orc priest closely misses you.
You closely miss the orc priest.
The orc priest is lightly wounded.
The orc priest barely misses you. The orc closely misses you.
You slash the orc!
You kill the orc!
Trog accepts your kill.
The orc priest calls down the wrath of Beogh upon you.
Beogh smites you!
You die...

#.#.# #.#.##
#..[.##
##.....########
#...o.........
#..o..##..>.
#.o)o# #.#.#
#@# ##.#.#
#.###....#
#.##.###.#####
#....# #.....#
####.###.###.#
##....# ##<#.#
#.#.# #.#.#


You could see 2 orc priests and 2 orcs.

Vanquished Creatures
  A gnoll (D:1)
  A dart slug (D:1)
  An orc (D:2)
  4 hobgoblins (D:1)
  2 jackals (D:1)
  2 quokkas (D:1)
  2 ball pythons (D:1)
  6 frilled lizards (D:1)
  4 goblins (D:1)
  A kobold (D:1)
  2 rats (D:1)
26 creatures vanquished.

Notes
Turn   | Place    | Note
-------+----------+-------------------------------------------
     0 | D:1      | qeuew the Vampire Berserker began the quest for the Orb.
     0 | D:1      | Reached XP level 1. HP: 17/17 MP: 1/1
   239 | D:1      | Reached XP level 2. HP: 23/23 MP: 2/2
   292 | D:1      | Found a faded altar of an unknown god.
   292 | D:1      | Noticed a great orb of eyes
   296 | D:1      | Noticed a shining eye
   296 | D:1      | Noticed a golden eye
   296 | D:1      | Noticed a great orb of eyes
   367 | D:1      | Gained mutation: You are afflicted with vampirism and can
                  | become a bat while bloodless. [Vampire growth]
   367 | D:1      | Reached XP level 3. HP: 13/29 MP: 3/3
   421 | D:1      | Reached ** piety under Trog
   757 | D:2      | Killed from afar by an orc priest

Illustrated notes

Levels and vault maps discovered:
D:1:      sevenhm_arrival_forest_fort_large_2, layout_rooms,
          hellmonk_ecumenical_altar_watching_god, minmay_misc_feat_plants,
          corexii_hall_statues_l
D:2:      layout_loops_ring

Skill      XL: |  1  2 |
---------------+-------+-----
Fighting       | 3 |  3.0
Armour         | 2 |  2.0
Long Blades    | |  3.3
Dodging        | |  2.8

Action                   || total
-------------------------++-------
Melee: Falchion          ||    83
       Bite              ||     7
 Abil: Exsanguinate      ||     1
  Use: Scroll            ||     4
       Potion            ||     1
Armor: Ring mail         ||    27
       Animal skin       ||     1
Dodge: Dodged            ||    57

Table legend: (Time is in decaauts)
 A = Elapsed time spent in this place.
 B = Non-inter-level travel time spent in this place.
 C = Inter-level travel time spent in this place.
 D = Time resting spent in this place.
 E = Time spent auto-exploring this place.
 F = Levels seen in this place.
 G = Mean time per level.
                   A        B        C        D        E       F      G
               +--------+--------+--------+--------+--------+-----+--------+
         Total |    768 |    752 |     16 |      0 |    540 |   2 |  384.0 |
       Dungeon |    768 |    752 |     16 |      0 |    540 |   2 |  384.0 |
               +--------+--------+--------+--------+--------+-----+--------+

Top non-repeatable levels by time:
     D:1: 748 daAuts
     D:2: 20 daAuts
